 Dungeon Crawl Stone Soup version 0.18-a0-1126-ga2d7f46 (webtiles) character file.

3749 Chiseanne the Archer (level 9, -1/81 HPs)
             Began as a Centaur Air Elementalist on Jan 20, 2016.
             Was an Initiate of Gozag.
             Killed from afar by an orc wizard (6 damage)
             ... with a puff of flame
             ... on level 8 of the Dungeon.
             The game lasted 00:30:36 (10790 turns).

Chiseanne the Archer (Centaur Air Elementalist)    Turns: 10790, Time: 00:30:36

Health: -1/81      AC: 12    Str: 11    XL:     9   Next: 93%
Magic:  25/31      EV:  9    Int: 17    God:    Gozag
Gold:   62         SH:  0    Dex: 10    Spells: 2 memorised, 10 levels left

rFire  . . .     SeeInvis .     s - +2 dagger (venom)
rCold  . . .     Gourm    .     E - +3 leather armour
rNeg   . . .     Faith    .     (no shield)
rPois  .         Spirit   .     r - +1 helmet
rElec  .         Dismiss  .     (no cloak)
rCorr  .         Reflect  .     u - +0 pair of gloves
SustAt .         Harm     .     (no barding)
MR     .....                    (no amulet)
Stlth  +.........               p - ring of magical power
                                m - ring of magical power

@: very slightly contaminated, very quick, not resistant to hostile
enchantments, very unstealthy
A: hooves 3, deformed body, speed 2, tough skin 3
a: Potion Petition, Call Merchant, Bribe Branch, Renounce Religion


You were on level 8 of the Dungeon.
You worshipped Gozag.
Gozag was noncommittal.
You were not hungry.

You visited 2 branches of the dungeon, and saw 9 of its levels.

You collected 1043 gold pieces.
You spent 214 gold pieces at shops.
You paid 767 gold pieces to Gozag.

Inventory:

Hand Weapons
 a - a +2 short sword of speed
 e - a +2 shortbow of velocity
 i - a +2 short sword of speed
 s - a +2 dagger of venom (weapon)
 w - a +3 blowgun
 D - a +0 mace of protection
Missiles
 d - 20 bolts of frost
 f - 39 poisoned needles
 g - 12 silver bolts
 n - 56 sling bullets
 o - 126 arrows
 q - 22 arrows of flame
 A - 4 tomahawks (quivered)
 I - 15 exploding sling bullets
Armour
 r - a +1 helmet (worn)
 u - a +0 pair of gloves (worn)
 E - a +3 leather armour (worn)
Jewellery
 m - a ring of magical power (left hand)
 p - a ring of magical power (right hand)
 t - an uncursed ring of positive energy
 x - a +3 ring of intelligence
Wands
 y - a wand of lightning (0/15)
 C - a wand of fireball (10/15)
Scrolls
 v - 3 scrolls of remove curse
 B - 2 scrolls of magic mapping
Potions
 h - a potion of flight
 j - 2 potions of haste
 k - 2 potions of lignification
 z - 2 potions of agility
 F - a potion of ambrosia {unknown}
 H - a potion of might {unknown}
Books
 b - a book of Air

   Spells                             Type                      Level
   a - Shock                          Conjuration/Air              1
   b - Swiftness                      Charms/Air                   2
   c - Repel Missiles                 Charms/Air                   2
   d - Static Discharge               Conjuration/Air              3
   e - Lightning Bolt                 Conjuration/Air              5
 G - a book of Dreams

   Spells                             Type                      Level
   a - Ensorcelled Hibernation        Hexes/Ice                    2
   b - Phase Shift                    Translocation                5
   c - Silence                        Hexes/Air                    5
   d - Darkness                       Hexes                        6
   e - Mass Confusion                 Hexes                        6
   f - Shadow Creatures               Summoning                    6
Comestibles
 c - 3 bread rations
 l - 4 meat rations


   Skills:
 + Level 8.2 Fighting
 * Level 8.8 Bows
 - Level 6.7 Armour
 - Level 1.3 Dodging
 - Level 1.2 Stealth
 * Level 2.7 Spellcasting
 - Level 0.8 Conjurations
 - Level 2.6 Air Magic


You had 10 spell levels left.
You knew the following spells:

 Your Spells              Type           Power        Failure   Level  Hunger
a - Shock                 Conj/Air       #...         14%         1    #......
b - Repel Missiles        Chrm/Air       #.....       21%         2    ##.....


Dungeon Overview and Level Annotations

Branches:
Dungeon (8/15)             Temple (1/1) D:6
   Lair: D:8-11

Altars:
Ashenzari
Cheibriados
Dithmenos
Elyvilon
Fedhas
Gozag
Kikubaaqudgha
Makhleb
Nemelex Xobeh
Okawaru
Pakellas
Qazlal
Ru
Sif Muna
Trog
Vehumet
Xom
Zin
The Shining One

Shops:
D:7 (


Innate Abilities, Weirdness & Mutations

You have hooves in place of feet.
Armour fits poorly on your strangely shaped body.
You cover ground very quickly.
You have extremely tough skin (AC +3).


Message History

* * * LOW HITPOINT WARNING * * *
You closely miss something. Something hits you.
* * * LOW HITPOINT WARNING * * *
You barely miss something. Your kick misses something.
Something hits you but does no damage. Something hits you.
* * * LOW HITPOINT WARNING * * *
You hear some strange, mumbled words.
A puff of frost appears from out of thin air!
The puff of frost hits you!
* * * LOW HITPOINT WARNING * * *
Drink which item? (? for menu, Esc to quit)
Okay, then.
Read which item? (? for menu, Esc to quit)
Okay, then.
Read which item? (? for menu, Esc to quit)
Okay, then.
A puff of flame appears from out of thin air!
The puff of flame hits you!
You die...
Your body crumbles into a pile of gold.

#..# #$#
#..#########.#####
#.....y.og........
#..######.########
#.y# #.# #{.#
#.##### #..#
#.....# #..#
#####.# #@## #.#
#.# #.# #.# #.#
#.# #.# #.# #.# #
#.# #.# # #.# #.#
# #.# #####.# #
###.#######....#.#
#


You could see a killer bee.

Vanquished Creatures
  A two-headed ogre (D:6)
  A sky beast (D:5)
  2 orc warriors
  3 phantoms
  An ice beast (D:6)
  4 ogres
  4 centaurs
  A big kobold (D:8)
  4 giant frogs
  A wyvern zombie (D:7)
  2 killer bees (D:8)
  5 wights
  2 quasits
  4 crimson imps
  3 hounds
  A jelly (D:5)
  2 orc priests (D:6)
  3 centaur skeletons
  A gnoll shaman (D:4)
  7 orc wizards
  2 iguanas
  Natasha (D:2)
  6 worker ants
  A killer bee zombie (D:7)
  A hound skeleton (D:8)
  A mummy (D:6)
  10 gnolls
  7 adders
  2 shadow imps
  3 oozes
  An adder zombie (D:6)
  A worm (D:3)
  2 giant geckos
  34 orcs
  13 giant cockroaches
  10 goblins
  15 hobgoblins
  16 jackals
  3 quokkas
  4 ball pythons
  14 bats
  4 giant newts
  A jackal skeleton (D:8)
  15 kobolds
  6 rats
225 creatures vanquished.

Vanquished Creatures (others)
  A wizard (D:3)
1 creature vanquished.

Grand Total: 226 creatures vanquished

Notes
Turn   | Place    | Note
--------------------------------------------------------------
     0 | D:1      | Chiseanne the Centaur Air Elementalist began the quest for the Orb.
     0 | D:1      | Reached XP level 1. HP: 14/14 MP: 3/3
    97 | D:1      | Reached skill level 1 in Fighting
   441 | D:1      | Reached XP level 2. HP: 21/24 MP: 4/4
   885 | D:1      | Reached XP level 3. HP: 2/30 MP: 0/5
  1523 | D:2      | Reached skill level 3 in Fighting
  2126 | D:3      | Reached XP level 4. HP: 35/39 MP: 6/6
  2264 | D:3      | Noticed an orc warrior
  2285 | D:3      | Reached skill level 4 in Fighting
  2565 | D:3      | Noticed Natasha
  2629 | D:2      | Killed Natasha
  2715 | D:3      | Noticed an ogre
  2729 | D:3      | Killed an ogre
  2729 | D:3      | Reached skill level 5 in Fighting
  2729 | D:3      | Reached skill level 1 in Armour
  2729 | D:3      | Reached XP level 5. HP: 16/48 MP: 5/7
  2967 | D:3      | Killed an orc warrior
  2967 | D:3      | Reached XP level 6. HP: 30/56 MP: 8/8
  3395 | D:3      | Found a bloodstained altar of Trog.
  3398 | D:3      | Noticed a wizard
  3404 | D:3      | Killed a wizard
  3871 | D:4      | Reached skill level 6 in Fighting
  4109 | D:4      | Reached XP level 7. HP: 54/63 MP: 9/9
  4201 | D:4      | Found a glowing golden altar of the Shining One.
  4864 | D:5      | Entered Level 5 of the Dungeon
  4934 | D:5      | Found an opulent altar of Gozag.
  4956 | D:5      | Became a worshipper of Gozag Ym Sagoz the Greedy
  6068 | D:5      | Found a bloodstained altar of Trog.
  6080 | D:5      | Learned a level 2 spell: Repel Missiles
  6150 | D:5      | Reached skill level 7 in Fighting
  6964 | D:6      | Found a snail-covered altar of Cheibriados.
  7098 | D:6      | Noticed a two-headed ogre
  7132 | D:6      | Killed a two-headed ogre
  7132 | D:6      | Reached XP level 8. HP: 73/73 MP: 10/10
  7347 | D:6      | Reached skill level 8 in Fighting
  7569 | D:6      | Reached skill level 1 in Bows
  7687 | D:6      | Reached skill level 5 in Armour
  8471 | D:6      | Reached XP level 9. HP: 79/81 MP: 11/11
  8674 | D:6      | Reached skill level 5 in Bows
  8748 | D:6      | Found a staircase to the Ecumenical Temple.
  8886 | Temple   | Entered the Ecumenical Temple
  9736 | D:7      | Found a shadowy altar of Dithmenos.
 10522 | D:7      | Bought a +3 blowgun for 214 gold pieces
 10618 | D:8      | Found a sparkling altar of Nemelex Xobeh.
 10618 | D:8      | Found a glowing golden altar of the Shining One.
 10618 | D:8      | Found a burning altar of Makhleb.
 10781 | D:8      | HP: 3/81 [something/puff of frost (8)]
 10790 | D:8      | Killed from afar by an orc wizard

Vault maps used:
D:1:      evilmike_arrival_plus
D:2:      minmay_crystal_water
D:3:      first_bread, serial_park_tiny_2, trog_wizard, uniq_natasha
D:4:      nicolae_tso_carved_into_rock
D:5:      marbit_many_paths, grunt_gozag_breadcrumbs
D:6:      slow_altar_1, temple_green
D:7:      lemuel_crystal_altar
D:8:      gammafunk_temple_overflow_forgotten, grunt_livestock, uniq_erolcha
Temple:   circular_temple_13

Action                   |  1- 3 |  4- 6 |  7- 9 || total
-------------------------+-------+-------+-------++-------
Melee: Club              |    76 |       |       ||    76
       Short sword       |    83 |   185 |   370 ||   638
       Spear             |       |       |    13 ||    13
       Dagger            |       |       |   220 ||   220
 Fire: Blowgun           |       |    10 |    12 ||    22
       Shortbow          |       |       |   139 ||   139
 Cast: Shock             |    11 |    45 |    46 ||   102
Invok: Call Merchant     |       |       |     1 ||     1
Evoke: Wand              |       |       |     3 ||     3
  Use: Scroll            |     5 |     7 |     5 ||    17
       Potion            |       |       |     1 ||     1
  Eat: Chunk             |     3 |     7 |     1 ||    11
       Fruit             |       |       |     9 ||     9
       Beef jerky        |       |       |     4 ||     4
       Pizza             |       |       |     2 ||     2
       Bread ration      |       |       |     1 ||     1
